 Dungeon Crawl Stone Soup version 0.26.0-10-g1f06aea511 (webtiles) character file.

Game seed: 6348497985069952533

1921 Dracia the Shield-Bearer (level 9, -2/73 HPs)
             Began as a Gnoll Fighter on Jan 14, 2021.
             Slain by a sky beast (6 damage)
             ... on level 5 of the Dungeon.
             The game lasted 00:08:15 (5480 turns).

Dracia the Shield-Bearer (Gnoll Fighter)            Turns: 5480, Time: 00:08:15

Health: -2/73      AC:  9    Str: 19    XL:     9   Next: 17%
Magic:  13/15      EV: 10    Int: 14    God:
Gold:   264        SH: 11    Dex: 14    Spells: 16/16 levels left

rFire    . . .     SeeInvis .   n - +2 hand axe (pain)
rCold    . . .     Faith    .   c - +0 kite shield
rNeg     . . .     Spirit   .   b - +0 scale mail
rPois    .         Reflect  .   (no helmet)
rElec    .         Harm     .   (no cloak)
rCorr    .         Rampage  .   (no gloves)
Will     .....                  w - +0 pair of boots
Stlth    +.........             (no amulet)
HPRegen  0.22/turn              (no ring)
MPRegen  0.14/turn              (no ring)

@: mighty, studying Slings
A: distributed training, fangs 1, strong nose
a: no special abilities


You were on level 5 of the Dungeon.
You visited 1 branch of the dungeon, and saw 5 of its levels.

You collected 264 gold pieces.


Innate Abilities, Weirdness & Mutations

Your experience applies equally to all skills.
You have very sharp teeth.
Your uncanny sense of smell can sniff out nearby items.


   Skills:
 + Level 7.7 Fighting
 + Level 4.0 Short Blades
 + Level 4.0 Long Blades
 + Level 6.1 Axes
 + Level 4.0 Maces & Flails
 + Level 4.0 Polearms
 + Level 4.0 Staves
 + Level 5.1 Slings
 + Level 4.0 Bows
 + Level 4.0 Crossbows
 + Level 4.0 Throwing
 + Level 7.7 Armour
 + Level 4.0 Dodging
 + Level 4.0 Stealth
 + Level 7.7 Shields
 + Level 4.0 Unarmed Combat
 + Level 4.0 Spellcasting
 + Level 3.2 Conjurations
 + Level 3.2 Hexes
 + Level 3.2 Summonings
 + Level 3.2 Necromancy
 + Level 3.2 Translocations
 + Level 3.2 Transmutations
 + Level 3.2 Fire Magic
 + Level 3.2 Ice Magic
 + Level 3.2 Air Magic
 + Level 3.2 Earth Magic
 + Level 3.2 Poison Magic
 + Level 4.4 Invocations
 + Level 4.0 Evocations


You had 16 spell levels left.
You didn't know any spells.
Your spell library was empty.

Inventory:

Hand Weapons
 a - a +0 war axe
 n - a +2 hand axe of pain (weapon)
Armour
 b - a +0 scale mail (worn)
 c - a +0 kite shield (worn)
 w - a +0 pair of boots (worn)
Jewellery
 C - an uncursed amulet of faith {unknown}
 E - an uncursed ring of willpower {unknown}
 L - an uncursed ring of flight
Scrolls
 e - 2 scrolls of fog {unknown}
 g - a scroll of random uselessness {unknown}
 h - a scroll of immolation {unknown}
 i - 4 scrolls of enchant armour {unknown}
 j - 6 scrolls of identify {unknown}
 l - 3 scrolls of magic mapping {unknown}
 r - 3 scrolls of enchant weapon {unknown}
 s - a scroll of noise {unknown}
 t - 2 scrolls of remove curse {unknown}
 x - 2 scrolls of fear {unknown}
 y - a scroll of amnesia {unknown}
 z - 2 scrolls of blinking {unknown}
 A - 3 scrolls of teleportation {unknown}
 G - a scroll of silence {unknown}
Potions
 d - a potion of might
 f - a potion of haste {unknown}
 k - a potion of cancellation
 m - a potion of curing {@q1@q1}
 o - a potion of magic
 p - a potion of brilliance
 q - a potion of flight
 v - a potion of berserk rage {unknown}
 D - a potion of lignification {unknown}
Books
 B - a manual of Slings {!d!d}

Dungeon Overview and Level Annotations

Branches:
Dungeon (5/15)
 Temple: D:4-7

Altars:
Fedhas
Hepliaklqana
Makhleb
Qazlal
Ru
Sif Muna
Uskayaw
The Shining One

Shops:
D:5

} ##.## #.# ##...## ###.##
##.....###..... #
########.......#....# ##.
#...#.........))....# ∆ ∆
..##+.8.####......)#...##
#..#...# ##.....###.## ∆
#.#...######...## #.# # ∆
#'.8J{@.†.##.## #.# #
#..#..l####.##.# #.# #
#...#...#.......# #.# # ∆
∆ #...#..8.####.#..#####.#
#
.'..###..(#....#..#.....#
# ######
########.#..#.....# #
#.###...####>#........####
#.....#......#............
#####...####.####.....####


You could see a jelly and a leopard gecko.


Message History

Your Necromancy skill increases to level 3!
Your Translocations skill increases to level 3!
Your Transmutations skill increases to level 3!
Your Fire Magic skill increases to level 3!
Your Ice Magic skill increases to level 3!
Your Air Magic skill increases to level 3!
Your Earth Magic skill increases to level 3!
Your Poison Magic skill increases to level 3!
Your Invocations skill increases to level 4!
Your Evocations skill increases to level 4!
You have reached level 9!
Your experience leads to an increase in your attributes!
Increase (S)trength, (I)ntelligence, or (D)exterity?
You feel stronger.
You feel very mighty all of a sudden. You block the jackal's attack.
You closely miss the jackal. You block the jackal's attack.
Unknown command.
You barely miss the jackal. You bite the jackal.
You kill the jackal!
Unknown command.
You slash the white imp!
You kill the white imp!
Unknown command.
You block something's attack.
Items here: ) [ ††.
You closely miss something. Something hits you.
* * * LOW HITPOINT WARNING * * *
Something shocks you.
You die...

Skill      XL: |  1  2  3  4  5  6  7  8 |
---------------+-------------------------+-----
Invocations    | 1 2 3 4 |  4.4
Short Blades   | 1 2 4 |  4.0
Long Blades    | 1 2 4 |  4.0
Maces & Flails | 1 2 4 |  4.0
Polearms       | 1 2 4 |  4.0
Staves         | 1 2 4 |  4.0
Slings         | 1 2 3 5 |  5.1
Bows           | 1 2 4 |  4.0
Crossbows      | 1 2 4 |  4.0
Throwing       | 1 2 4 |  4.0
Dodging        | 1 2 4 |  4.0
Stealth        | 1 2 4 |  4.0
Unarmed Combat | 1 2 4 |  4.0
Spellcasting   | 1 2 4 |  4.0
Evocations     | 1 2 4 |  4.0
Conjurations   | 1 2 3 |  3.2
Hexes          | 1 2 3 |  3.2
Summonings     | 1 2 3 |  3.2
Necromancy     | 1 2 3 |  3.2
Translocations | 1 2 3 |  3.2
Transmutations | 1 2 3 |  3.2
Fire Magic     | 1 2 3 |  3.2
Ice Magic      | 1 2 3 |  3.2
Air Magic      | 1 2 3 |  3.2
Earth Magic    | 1 2 3 |  3.2
Poison Magic   | 1 2 3 |  3.2
Axes           | 5 6 |  6.1
Fighting       | 7 |  7.7
Armour         | 7 |  7.7
Shields        | 7 |  7.7

Action                   |  1- 3 |  4- 6 |  7- 9 || total
-------------------------+-------+-------+-------++-------
Melee: War axe           |    76 |       |       ||    76
       Bite              |    11 |    18 |    14 ||    43
       Hand axe          |    14 |   179 |   153 ||   346
  Use: Potion            |       |       |     9 ||     9
 Stab: Sleeping          |       |       |     1 ||     1
Armor: Scale mail        |    25 |    64 |    46 ||   135
Dodge: Dodged            |    20 |    46 |    45 ||   111
Block: Kite shield       |    49 |    90 |    78 ||   217

Levels and vault maps discovered:
D:1:      dpeg_chamrin_arrival_tetris, layout_basic, minmay_cut_off
D:2:      minmay_chambers_of_twos, layout_rooms, serial_bayou_pond_c,
          kennysheep_cross_room, minivault_14, minmay_misc_feat_columns,
          minmay_worlds_worst_comb
D:3:      layout_loops_ring, grunt_temple_overflow_open, serial_bayou,
          serial_bayou_lagoon_a, serial_bayou_pond_c, serial_bayou_pond_d,
          serial_bayou_pond_c, serial_bayou_shore_b, serial_bayou_pond_c
D:4:      layout_cave_pods, lightli_temple_of_fire, minmay_manual_mares
D:5:      minmay_chambers_of_threes, layout_loops_ring,
          nicolae_qazlal_general_emergency, led_sif_pool,
          nicolae_overflow_hidden_temple, serial_shops, shop_fountains,
          uniq_duvessa, uniq_pikel

Notes
Turn   | Place    | Note
-------+----------+-------------------------------------------
     0 | D:1      | Dracia the Gnoll Fighter began the quest for the Orb.
     0 | D:1      | Reached XP level 1. HP: 23/23 MP: 1/1
   260 | D:1      | Reached XP level 2. HP: 29/29 MP: 2/2
  1094 | D:2      | Reached XP level 3. HP: 32/35 MP: 3/3
  1516 | D:2      | Reached skill level 1 in Invocations
  1703 | D:2      | Reached skill level 1 in Short Blades
  1703 | D:2      | Reached skill level 1 in Long Blades
  1703 | D:2      | Reached skill level 1 in Maces & Flails
  1703 | D:2      | Reached skill level 1 in Polearms
  1703 | D:2      | Reached skill level 1 in Staves
  1703 | D:2      | Reached skill level 1 in Slings
  1703 | D:2      | Reached skill level 1 in Bows
  1703 | D:2      | Reached skill level 1 in Crossbows
  1703 | D:2      | Reached skill level 1 in Throwing
  1703 | D:2      | Reached skill level 1 in Dodging
  1703 | D:2      | Reached skill level 1 in Stealth
  1703 | D:2      | Reached skill level 1 in Unarmed Combat
  1703 | D:2      | Reached skill level 1 in Spellcasting
  1703 | D:2      | Reached skill level 1 in Evocations
  1771 | D:2      | Reached XP level 4. HP: 41/41 MP: 5/5
  1871 | D:2      | Noticed a sky beast
  1901 | D:2      | Killed a sky beast
  1902 | D:2      | Reached skill level 1 in Conjurations
  1902 | D:2      | Reached skill level 1 in Hexes
  1902 | D:2      | Reached skill level 1 in Summonings
  1902 | D:2      | Reached skill level 1 in Necromancy
  1902 | D:2      | Reached skill level 1 in Translocations
  1902 | D:2      | Reached skill level 1 in Transmutations
  1902 | D:2      | Reached skill level 1 in Fire Magic
  1902 | D:2      | Reached skill level 1 in Ice Magic
  1902 | D:2      | Reached skill level 1 in Air Magic
  1902 | D:2      | Reached skill level 1 in Earth Magic
  1902 | D:2      | Reached skill level 1 in Poison Magic
  1902 | D:2      | Reached XP level 5. HP: 16/47 MP: 5/7
  2463 | D:3      | Found a glowing golden altar of the Shining One.
  2463 | D:3      | Found a hide-covered altar of Uskayaw.
  2463 | D:3      | Found a hazy altar of Hepliaklqana.
  2463 | D:3      | Found a blossoming altar of Fedhas.
  2463 | D:3      | Found a sacrificial altar of Ru.
  2675 | D:3      | Reached XP level 6. HP: 52/53 MP: 8/8
  2680 | D:3      | Reached skill level 2 in Invocations
  3277 | D:4      | Reached skill level 5 in Axes
  3282 | D:4      | Reached skill level 2 in Short Blades
  3282 | D:4      | Reached skill level 2 in Long Blades
  3282 | D:4      | Reached skill level 2 in Maces & Flails
  3282 | D:4      | Reached skill level 2 in Polearms
  3282 | D:4      | Reached skill level 2 in Staves
  3282 | D:4      | Reached skill level 2 in Slings
  3282 | D:4      | Reached skill level 2 in Bows
  3282 | D:4      | Reached skill level 2 in Crossbows
  3282 | D:4      | Reached skill level 2 in Throwing
  3282 | D:4      | Reached skill level 2 in Dodging
  3282 | D:4      | Reached skill level 2 in Stealth
  3282 | D:4      | Reached skill level 2 in Unarmed Combat
  3282 | D:4      | Reached skill level 2 in Spellcasting
  3282 | D:4      | Reached skill level 2 in Evocations
  3490 | D:4      | Reached XP level 7. HP: 9/59 MP: 10/10
  3926 | D:4      | Reached skill level 7 in Fighting
  3926 | D:4      | Reached skill level 7 in Armour
  3926 | D:4      | Reached skill level 7 in Shields
  3934 | D:4      | Reached skill level 2 in Conjurations
  3934 | D:4      | Reached skill level 2 in Hexes
  3934 | D:4      | Reached skill level 2 in Summonings
  3934 | D:4      | Reached skill level 2 in Necromancy
  3934 | D:4      | Reached skill level 2 in Translocations
  3934 | D:4      | Reached skill level 2 in Transmutations
  3934 | D:4      | Reached skill level 2 in Fire Magic
  3934 | D:4      | Reached skill level 2 in Ice Magic
  3934 | D:4      | Reached skill level 2 in Air Magic
  3934 | D:4      | Reached skill level 2 in Earth Magic
  3934 | D:4      | Reached skill level 2 in Poison Magic
  4268 | D:4      | Found a burning altar of Makhleb.
  4567 | D:5      | Entered Level 5 of the Dungeon
  4602 | D:5      | Reached skill level 3 in Invocations
  4679 | D:5      | Noticed Duvessa
  4679 | D:5      | Noticed Dowan
  4685 | D:5      | Reached skill level 3 in Slings
  4687 | D:5      | Killed Duvessa
  4688 | D:5      | Reached XP level 8. HP: 36/67 MP: 12/12
  4693 | D:5      | Killed Dowan
  4694 | D:5      | Reached skill level 3 in Short Blades
  4694 | D:5      | Reached skill level 3 in Long Blades
  4694 | D:5      | Reached skill level 3 in Maces & Flails
  4694 | D:5      | Reached skill level 3 in Polearms
  4694 | D:5      | Reached skill level 3 in Staves
  4694 | D:5      | Reached skill level 3 in Bows
  4694 | D:5      | Reached skill level 3 in Crossbows
  4694 | D:5      | Reached skill level 3 in Throwing
  4694 | D:5      | Reached skill level 3 in Dodging
  4694 | D:5      | Reached skill level 3 in Stealth
  4694 | D:5      | Reached skill level 3 in Unarmed Combat
  4694 | D:5      | Reached skill level 3 in Spellcasting
  4694 | D:5      | Reached skill level 3 in Evocations
  4935 | D:5      | Found Juvoq's Gadget Emporium.
  5027 | D:5      | Found a stormy altar of Qazlal.
  5240 | D:5      | Reached skill level 4 in Slings
  5314 | D:5      | Found a shimmering blue altar of Sif Muna.
  5442 | D:5      | Noticed Pikel
  5462 | D:5      | HP: 3/67 [Pikel/+1 whip of electrocution (13)]
  5467 | D:5      | HP: 6/67 [Pikel/+1 whip of electrocution (5)]
  5473 | D:5      | HP: 5/67 [Pikel/+1 whip of electrocution (17)]
  5474 | D:5      | Killed Pikel
  5475 | D:5      | Reached skill level 4 in Short Blades
  5475 | D:5      | Reached skill level 4 in Long Blades
  5475 | D:5      | Reached skill level 6 in Axes
  5475 | D:5      | Reached skill level 4 in Maces & Flails
  5475 | D:5      | Reached skill level 4 in Polearms
  5475 | D:5      | Reached skill level 4 in Staves
  5475 | D:5      | Reached skill level 5 in Slings
  5475 | D:5      | Reached skill level 4 in Bows
  5475 | D:5      | Reached skill level 4 in Crossbows
  5475 | D:5      | Reached skill level 4 in Throwing
  5475 | D:5      | Reached skill level 4 in Dodging
  5475 | D:5      | Reached skill level 4 in Stealth
  5475 | D:5      | Reached skill level 4 in Unarmed Combat
  5475 | D:5      | Reached skill level 4 in Spellcasting
  5475 | D:5      | Reached skill level 3 in Conjurations
  5475 | D:5      | Reached skill level 3 in Hexes
  5475 | D:5      | Reached skill level 3 in Summonings
  5475 | D:5      | Reached skill level 3 in Necromancy
  5475 | D:5      | Reached skill level 3 in Translocations
  5475 | D:5      | Reached skill level 3 in Transmutations
  5475 | D:5      | Reached skill level 3 in Fire Magic
  5475 | D:5      | Reached skill level 3 in Ice Magic
  5475 | D:5      | Reached skill level 3 in Air Magic
  5475 | D:5      | Reached skill level 3 in Earth Magic
  5475 | D:5      | Reached skill level 3 in Poison Magic
  5475 | D:5      | Reached skill level 4 in Invocations
  5475 | D:5      | Reached skill level 4 in Evocations
  5475 | D:5      | Reached XP level 9. HP: 6/73 MP: 13/15
  5480 | D:5      | HP: 4/73 [something (3)]
  5480 | D:5      | Slain by a sky beast

Vanquished Creatures
  Pikel (D:5)
  Duvessa (D:5)
  An ice beast (D:5)
  3 sky beasts
  An ogre (D:4)
  A phantom (D:5)
  2 centaurs (D:4)
  A lemure (D:5)
  Dowan (D:5)
  A water moccasin skeleton (D:5)
  3 howler monkeys
  An orc wizard (D:3)
  A hound (D:5)
  An orc priest (D:4)
  An iguana (D:5)
  6 worker ants
  8 adders
  2 white imps (D:5)
  An ooze (D:5)
  A worm (D:2)
  5 leopard geckos
  13 orcs
  7 giant cockroaches
  16 goblins
  12 hobgoblins
  9 jackals
  6 kobolds
  A quokka (D:2)
  7 bats
  4 frilled lizards
  A quokka skeleton (D:4)
  8 rats
127 creatures vanquished.

Vanquished Creatures (others)
  45 plants
45 creatures vanquished.

Grand Total: 172 creatures vanquished

Table legend: (Time is in decaauts)
 A = Elapsed time spent in this place.
 B = Non-inter-level travel time spent in this place.
 C = Inter-level travel time spent in this place.
 D = Time resting spent in this place.
 E = Time spent auto-exploring this place.
 F = Levels seen in this place.
 G = Mean time per level.
                   A        B        C        D        E       F      G
               +--------+--------+--------+--------+--------+-----+--------+
         Total |   5572 |   5191 |    381 |    698 |   3679 |   5 | 1114.4 |
       Dungeon |   5572 |   5191 |    381 |    698 |   3679 |   5 | 1114.4 |
               +--------+--------+--------+--------+--------+-----+--------+

Top non-repeatable levels by time:
     D:1: 1355 daAuts
     D:4: 1307 daAuts
     D:2: 1148 daAuts
     D:5: 922 daAuts
     D:3: 837 daAuts

Table legend:
 A = Non-vault XP
 B = Vault XP
 C = Vault XP percentage of total XP
 D = Non-vault monster count
 E = Vault monster count
 F = Vault count percentage of total count
                 A         B        C        D         E       F
            +---------+---------+-------+---------+---------+-------
      Total |    1276 |    1469 |  53.5 |     102 |      24 |  19.0
            +---------+---------+-------+---------+---------+-------
        D:1 |      24 |       6 |  20.0 |      14 |       3 |  17.6
        D:2 |      68 |     148 |  68.5 |      29 |      12 |  29.3
        D:3 |     114 |       0 |   0.0 |      22 |       0 |   0.0
        D:4 |     339 |     227 |  40.1 |      20 |       2 |   9.1
        D:5 |     731 |    1088 |  59.8 |      17 |       7 |  29.2
            +---------+---------+-------+---------+---------+-------
